SA
HOGSMEADE CAULDRONS @ DELAWARE 1787 BC
07/12/2032
 
TOP OF THE 1ST
Hogsmeade Cauldrons batting - Pitching for Delaware 1787 BC : LHP Ron Fernández
Pitching: LHP Ron Fernández
Batting: LHB Bartolo Trejo 0-0: Foul Ball, location: 2F
0-1: Ball
1-1: Ball
2-1: Ground out 4-3 (Groundball, 4S)
Batting: RHB Yasuyuki Hagi 0-0: Called Strike
0-1: Ball
1-1: Foul Ball, location: 2F
1-2: Foul Ball, location: 2F
1-2: Ground out 4-3 (Groundball, 34)
Batting: RHB Panas Pletnev 0-0: Ball
1-0: Ball
2-0: Ball
3-0: Base on Balls
Batting: LHB Jin-yong Myung 0-0: Ball
1-0: Ball
2-0: Called Strike
2-1: Swinging Strike
2-2: Ball
3-2: Base on Balls
Panas Pletnev to second
Batting: RHB Jung-min Ch'oe 0-0: Called Strike
0-1: Foul Ball, location: 2F
0-2: Strikes out swinging
Top of the 1st over - 0 runs, 0 hits, 0 errors, 2 left on base; Hogsmeade 0 - Delaware 0
BOTTOM OF THE 1ST
Delaware 1787 BC batting - Pitching for Hogsmeade Cauldrons : RHP Geunhye Kyoung
Pitching: RHP Geunhye Kyoung
Batting: LHB Xuan-ling Liao 0-0: Called Strike
0-1: Swinging Strike
0-2: SINGLE (Groundball, 34D)
Batting: RHB John Willoughby 0-0: Swinging Strike
Xuan-ling Liao steals 2nd base
0-1: Ball
1-1: Ball
2-1: Swinging Strike
2-2: Foul Ball, location: 2F
2-2: Ball
3-2: SINGLE (Groundball, 56D)
Xuan-ling Liao to third
Runner from 3rd tries for Home, throw and OUT!
Batting: RHB Jesús Guzmán Pickoff Throw to First - Out!
0-0: Foul Ball, location: 2F
0-1: Fly out, F9 (Flyball, 9S)
Bottom of the 1st over - 0 runs, 2 hits, 0 errors, 0 left on base; Hogsmeade 0 - Delaware 0
TOP OF THE 2ND
Hogsmeade Cauldrons batting - Pitching for Delaware 1787 BC : LHP Ron Fernández
Batting: RHB Graeme Dormer 0-0: Ball
1-0: Foul Ball, location: 2F
1-1: Called Strike
1-2: Strikes out swinging
Batting: RHB Jean Couturier 0-0: Called Strike
0-1: Swinging Strike
0-2: Ball
1-2: Ball
2-2: Ball
3-2: Base on Balls
Batting: RHB Howard McCarthy 0-0: Ball
1-0: SINGLE (Line Drive, 9S)
Jean Couturier to second
Batting: RHB Diederick Tuiters 0-0: SINGLE (Line Drive, 8RM)
Jean Couturier to third
Howard McCarthy to second
Batting: LHB Bartolo Trejo 0-0: Called Strike
0-1: Foul Ball, location: 2F
0-2: Strikes out swinging
Batting: RHB Yasuyuki Hagi 0-0: Ball
1-0: Fielders Choice at 2nd, 6-4 (Groundball, 6)
Top of the 2nd over - 0 runs, 2 hits, 0 errors, 3 left on base; Hogsmeade 0 - Delaware 0
BOTTOM OF THE 2ND
Delaware 1787 BC batting - Pitching for Hogsmeade Cauldrons : RHP Geunhye Kyoung
Batting: LHB Bryce Abood 0-0: Ball
1-0: Ball
2-0: Ground out 6-3 (Groundball, 6M)
Batting: LHB Hai-feng Tang 0-0: Called Strike
0-1: SOLO HOME RUN (Flyball, 9LD), Distance : 339 ft
Batting: RHB Jeff Quesenberry 0-0: Ball
1-0: Fly out, F9 (Flyball, 89S)
Now in RF: David Aguilar
Batting: RHB Kendrick Drumgoole 0-0: Called Strike
0-1: Called Strike
0-2: Ball
1-2: Ball
2-2: Ball
3-2: Strikes out looking
Bottom of the 2nd over - 1 run, 1 hit, 0 errors, 0 left on base; Hogsmeade 0 - Delaware 1
TOP OF THE 3RD
Hogsmeade Cauldrons batting - Pitching for Delaware 1787 BC : LHP Ron Fernández
Batting: RHB Panas Pletnev 0-0: Ball
1-0: Ball
2-0: Called Strike
2-1: Ball
3-1: Base on Balls
Batting: LHB Jin-yong Myung 0-0: Fly out, F5 (Popup, 5F)
Batting: RHB Jung-min Ch'oe 0-0: Called Strike
0-1: Foul Ball, location: 2F
0-2: Ball
1-2: Ball
2-2: Foul Ball, location: 2F
2-2: Strikes out swinging
Batting: RHB Graeme Dormer 0-0: Ball
Panas Pletnev is caught stealing 2nd base
Top of the 3rd over - 0 runs, 0 hits, 0 errors, 0 left on base; Hogsmeade 0 - Delaware 1
BOTTOM OF THE 3RD
Delaware 1787 BC batting - Pitching for Hogsmeade Cauldrons : RHP Geunhye Kyoung
Batting: RHB Gary Jenkins 0-0: Called Strike
0-1: Bunt for hit - play at first, batter OUT! 3-4
Batting: RHB Andrew Irwin 0-0: Called Strike
0-1: Ball
1-1: Fly out, F9 (Flyball, 9)
Batting: LHB Xuan-ling Liao 0-0: Hit by Pitch
Batting: RHB John Willoughby 0-0: Fielders Choice at 2nd, 6-4 (Groundball, 6)
Bottom of the 3rd over - 0 runs, 0 hits, 0 errors, 1 left on base; Hogsmeade 0 - Delaware 1
TOP OF THE 4TH
Hogsmeade Cauldrons batting - Pitching for Delaware 1787 BC : LHP Ron Fernández
Batting: RHB Graeme Dormer 0-0: SINGLE (Groundball, 56D)
Batting: RHB Jean Couturier 0-0: Ball
1-0: Foul Ball, location: 2F
1-1: Ball
2-1: Called Strike
2-2: Fly out, F5 (Line Drive, 5S)
Batting: LHB David Aguilar 0-0: Ball
1-0: Ball
2-0: Called Strike
2-1: Called Strike
2-2: Foul Ball, location: 2F
2-2: Grounds into double play, 5-4-3 (Groundball, 5)
Top of the 4th over - 0 runs, 1 hit, 0 errors, 0 left on base; Hogsmeade 0 - Delaware 1
BOTTOM OF THE 4TH
Delaware 1787 BC batting - Pitching for Hogsmeade Cauldrons : RHP Geunhye Kyoung
Batting: RHB Jesús Guzmán 0-0: Ball
1-0: Ball
2-0: Ball
3-0: Base on Balls
Batting: LHB Bryce Abood 0-0: Called Strike
0-1: SINGLE (Flyball, 4D)
Jesús Guzmán to second
Runner from 2nd tries for 3rd, SAFE, no throw
Batting: LHB Hai-feng Tang 0-0: Ball
1-0: Ball
2-0: Ball
3-0: Called Strike
3-1: Base on Balls
Bryce Abood to second
Batting: RHB Jeff Quesenberry 0-0: Swinging Strike
0-1: Ball
1-1: Ball
2-1: Swinging Strike
2-2: Foul Ball, location: 2F
2-2: Foul Ball, location: 2F
2-2: Strikes out swinging
Batting: RHB Kendrick Drumgoole 0-0: Ball
1-0: Ball
2-0: Foul Ball, location: 2F
2-1: Ball
3-1: SINGLE (Groundball, 6MD)
Jesús Guzmán scores
Bryce Abood to third
Hai-feng Tang to second
Runner from 3rd tries for Home, SAFE, no throw
Batting: RHB Gary Jenkins 0-0: Grounds into double play, 1-6-3 (Groundball, 13)
Bottom of the 4th over - 2 runs, 2 hits, 0 errors, 1 left on base; Hogsmeade 0 - Delaware 3
TOP OF THE 5TH
Hogsmeade Cauldrons batting - Pitching for Delaware 1787 BC : LHP Ron Fernández
Batting: RHB Diederick Tuiters 0-0: Called Strike
0-1: Foul Ball, location: 2F
0-2: Ball
1-2: Strikes out looking
Batting: LHB Bartolo Trejo 0-0: Fly out, F9 (Line Drive, 9)
Batting: RHB Yasuyuki Hagi 0-0: Foul Ball, location: 2F
0-1: Swinging Strike
0-2: Strikes out swinging
Top of the 5th over - 0 runs, 0 hits, 0 errors, 0 left on base; Hogsmeade 0 - Delaware 3
BOTTOM OF THE 5TH
Delaware 1787 BC batting - Pitching for Hogsmeade Cauldrons : RHP Geunhye Kyoung
Batting: RHB Andrew Irwin 0-0: Foul Ball, location: 2F
0-1: Foul Ball, location: 2F
0-2: Ball
1-2: Ball
2-2: Foul Ball, location: 2F
2-2: Ball
3-2: Ground out 1-3 (Groundball, 13S)
Batting: LHB Xuan-ling Liao 0-0: Foul Ball, location: 2F
0-1: Called Strike
0-2: Ball
1-2: Ball
2-2: Ball
3-2: Foul Ball, location: 2F
3-2: Fly out, F5 (Popup, 15S)
Batting: RHB John Willoughby 0-0: SINGLE (Line Drive, 78M)
Batting: RHB Jesús Guzmán 0-0: Ball
1-0: Fly out, F8 (Flyball, 8LD)
Bottom of the 5th over - 0 runs, 1 hit, 0 errors, 1 left on base; Hogsmeade 0 - Delaware 3
TOP OF THE 6TH
Hogsmeade Cauldrons batting - Pitching for Delaware 1787 BC : LHP Ron Fernández
Batting: RHB Panas Pletnev 0-0: Ball
1-0: Called Strike
1-1: Foul Ball, location: 2F
1-2: Ball
2-2: Ball
3-2: Base on Balls
Batting: LHB Jin-yong Myung 0-0: Called Strike
0-1: Foul Ball, location: 2F
0-2: Fly out, F8 (Flyball, 89M)
Batting: RHB Jung-min Ch'oe 0-0: Foul Ball, location: 2F
0-1: Foul Ball, location: 2F
0-2: Foul Ball, location: 2F
0-2: Ball
1-2: Strikes out swinging
Batting: RHB Graeme Dormer 0-0: Ball
1-0: Swinging Strike
1-1: Swinging Strike
1-2: Strikes out looking
Top of the 6th over - 0 runs, 0 hits, 0 errors, 1 left on base; Hogsmeade 0 - Delaware 3
BOTTOM OF THE 6TH
Delaware 1787 BC batting - Pitching for Hogsmeade Cauldrons : RHP Geunhye Kyoung
Batting: LHB Bryce Abood 0-0: Ball
1-0: Ball
2-0: DOUBLE (Flyball, 78D)
Batting: LHB Hai-feng Tang 0-0: Called Strike
0-1: Ball
1-1: Called Strike
1-2: Strikes out swinging
Batting: RHB Jeff Quesenberry 0-0: Intentional Walk
Batting: RHB Kendrick Drumgoole 0-0: Called Strike
0-1: Fly out, F8 (Flyball, 89D)
Batting: RHB Gary Jenkins 0-0: Foul Ball, location: 2F
0-1: Ball
1-1: Swinging Strike
1-2: Ball
2-2: Ground out 6-3 (Groundball, 56)
Bottom of the 6th over - 0 runs, 1 hit, 0 errors, 2 left on base; Hogsmeade 0 - Delaware 3
TOP OF THE 7TH
Hogsmeade Cauldrons batting - Pitching for Delaware 1787 BC : LHP Ron Fernández
Batting: RHB Jean Couturier 0-0: Swinging Strike
0-1: Ball
1-1: SOLO HOME RUN (Flyball, 7D), Distance : 378 ft
Batting: LHB David Aguilar 0-0: Called Strike
0-1: Ball
1-1: Ball
2-1: Called Strike
2-2: Strikes out swinging
Pitching: RHP Pjotr Melis
Batting: RHB Diederick Tuiters 0-0: Swinging Strike
0-1: Ball
1-1: Called Strike
1-2: Ball
2-2: Ball
3-2: Strikes out swinging
Batting: LHB Bartolo Trejo 0-0: Ball
1-0: Ground out 6-3 (Groundball, 6)
Top of the 7th over - 1 run, 1 hit, 0 errors, 0 left on base; Hogsmeade 1 - Delaware 3
BOTTOM OF THE 7TH
Delaware 1787 BC batting - Pitching for Hogsmeade Cauldrons : RHP Geunhye Kyoung
Batting: RHB Andrew Irwin 0-0: Swinging Strike
0-1: Ball
1-1: Called Strike
1-2: Ball
2-2: Foul Ball, location: 2F
2-2: Foul Ball, location: 2F
2-2: Foul Ball, location: 2F
2-2: Ball
3-2: Foul Ball, location: 2F
3-2: Base on Balls
Batting: LHB Xuan-ling Liao 0-0: Ball
1-0: Swinging Strike
1-1: Foul Ball, location: 2F
1-2: Strikes out looking
Batting: RHB John Willoughby 0-0: Ball
1-0: Ball
2-0: Ball
3-0: Grounds into double play, 6-4-3 (Groundball, 56)
Bottom of the 7th over - 0 runs, 0 hits, 0 errors, 0 left on base; Hogsmeade 1 - Delaware 3
TOP OF THE 8TH
Hogsmeade Cauldrons batting - Pitching for Delaware 1787 BC : RHP Pjotr Melis
Batting: RHB Yasuyuki Hagi 0-0: SINGLE (Groundball, 6MD)
Batting: RHB Panas Pletnev 0-0: Ball
1-0: Ball
2-0: Called Strike
2-1: Ball
3-1: SINGLE (Groundball, 4MD)
Yasuyuki Hagi to second
Pitching: RHP Abakada Mana
Batting: LHB Jin-yong Myung 0-0: Ball
1-0: Foul Ball, location: 2F
1-1: Ball
2-1: Foul Ball, location: 2F
2-2: Fly out, F9 (Line Drive, 9)
Batting: RHB Jung-min Ch'oe 0-0: Ball
1-0: Ball
2-0: Foul Ball, location: 2F
2-1: Foul Ball, location: 2F
2-2: Foul Ball, location: 2F
2-2: Strikes out swinging
Batting: RHB Graeme Dormer 0-0: Called Strike
0-1: Ball
1-1: Fly out, F8 (Flyball, 8RD)
Top of the 8th over - 0 runs, 2 hits, 0 errors, 2 left on base; Hogsmeade 1 - Delaware 3
BOTTOM OF THE 8TH
Delaware 1787 BC batting - Pitching for Hogsmeade Cauldrons : RHP Geunhye Kyoung
Batting: RHB Jesús Guzmán 0-0: Ball
1-0: Swinging Strike
1-1: Called Strike
1-2: Ball
2-2: Ball
3-2: Fly out, F6 (Line Drive, 6M)
Pitching: LHP Randy Nixon
Batting: LHB Bryce Abood 0-0: Foul Ball, location: 2F
0-1: Ball
1-1: Foul Ball, location: 2F
1-2: Foul Ball, location: 2F
1-2: SINGLE (Groundball, 34D)
Batting: LHB Hai-feng Tang 0-0: Ball
1-0: Swinging Strike
1-1: Swinging Strike
1-2: Fly out, F9 (Flyball, 89M)
Batting: RHB Jeff Quesenberry 0-0: Ball
1-0: Foul Ball, location: 2F
1-1: Ground out 5-3 (Groundball, 56S)
Bottom of the 8th over - 0 runs, 1 hit, 0 errors, 1 left on base; Hogsmeade 1 - Delaware 3
TOP OF THE 9TH
Hogsmeade Cauldrons batting - Pitching for Delaware 1787 BC : RHP Abakada Mana
Pitching: RHP Ron Sinnocks
Batting: RHB Jean Couturier 0-0: Called Strike
0-1: Foul Ball, location: 2F
0-2: Fly out, F9 (Flyball, 89M)
Batting: LHB David Aguilar 0-0: Called Strike
0-1: Called Strike
0-2: Strikes out swinging
Batting: RHB Diederick Tuiters 0-0: Foul Ball, location: 2F
0-1: SINGLE (Line Drive, 89M)
Batting: LHB Bartolo Trejo 0-0: Ball
1-0: Ground out 1-3 (Groundball, 13)
Top of the 9th over - 0 runs, 1 hit, 0 errors, 1 left on base; Hogsmeade 1 - Delaware 3
Wednesday, September 19th, 2018 - OOTP Baseball 18.8 Build 76